 Dungeon Crawl Stone Soup version 0.19.3-1-g3169bf9 (webtiles) character file.

15774 Clownie the Severer (level 12, -15/88 HPs)
             Began as a Formicid Gladiator on Jan 25, 2017.
             Was a Believer of Makhleb.
             Demolished by a phantasmal warrior (27 damage)
             ... led by a death knight
             ... on level 11 of the Dungeon.
             The game lasted 00:30:27 (12952 turns).

Clownie the Severer (Formicid Gladiator)           Turns: 12952, Time: 00:30:28

Health: -15/88     AC: 22    Str: 25    XL:     12   Next: 61%
Magic:  12/12      EV:  4    Int:  5    God:    Makhleb [**....]
Gold:   766        SH: 10    Dex: 15    Spells: 0 memorised, 11 levels left

rFire  . . .     SeeInvis +     a - +4 battleaxe (freeze)
rCold  . . .     Gourm    .     k - +0 crystal plate armour
rNeg   . . .     Faith    .     X - +0 shield
rPois  .         Spirit   .     (helmet unavailable)
rElec  .         Reflect  .     f - +0 cloak
rCorr  .         Harm     .     (no gloves)
MR     +....                    z - +0 pair of boots
Stlth  ..........               e - amulet of regeneration
                                S - -3 ring of intelligence (curse)
                                K - ring of wizardry

@: no status effects
A: permanent stasis, dig shafts and tunnels, four strong arms, antennae 3, thin
skeletal structure 1, agile 1, sense surroundings 1
a: Dig, Shaft Self, Minor Destruction, Renounce Religion


You were on level 11 of the Dungeon.
You worshipped Makhleb.
Makhleb was pleased with you.
You were not hungry.

You visited 3 branches of the dungeon, and saw 15 of its levels.
You also visited: Labyrinth and Bailey.

You collected 900 gold pieces.
You spent 134 gold pieces at shops.

Inventory:

Hand Weapons
 a - a +4 battleaxe of freezing (weapon)
 b - a +1 whip of draining
 O - a +0 scimitar of flaming
Missiles
 g - 5 javelins (quivered)
Armour
 f - a +0 cloak (worn)
 k - a +0 crystal plate armour (worn)
 z - a +0 pair of boots (worn)
 X - a +0 shield (worn)
Jewellery
 e - an amulet of regeneration (around neck)
 B - an uncursed amulet of harm
 K - a ring of wizardry (left hand)
 S - a cursed -3 ring of intelligence (right hand)
Wands
 n - a wand of teleportation (5/9)
 u - a wand of flame (34/48)
 C - a wand of acid (6/15)
 D - a wand of random effects (7/48)
 E - a wand of teleportation (6/9)
 M - a wand of disintegration (9/24)
 N - a wand of flame (17/48)
 T - a wand of slowing (32/48)
 U - a wand of lightning (9/15)
 W - a wand of digging (19/24)
Scrolls
 c - a scroll of acquirement
 h - 3 scrolls of recharging
 l - a scroll of magic mapping
 q - 7 scrolls of remove curse
 r - a scroll of holy word
 s - 3 scrolls of fog
 y - 3 scrolls of amnesia
 F - 5 scrolls of identify
 G - 2 scrolls of enchant armour
 I - a scroll of immolation
 J - a scroll of fear
 Q - a scroll of enchant weapon
Potions
 i - a potion of agility
 o - a potion of magic
 t - 2 potions of curing
 A - 3 potions of brilliance
Books
 j - a book of Callings

   Spells                             Type                      Level
   a - Summon Small Mammal            Summoning                    1
   b - Call Imp                       Summoning                    2
   c - Call Canine Familiar           Summoning                    3
   d - Summon Guardian Golem          Hexes/Summoning              3
   e - Summon Lightning Spire         Summoning/Air                4
   f - Summon Ice Beast               Ice/Summoning                4
 x - a book of Minor Magic

   Spells                             Type                      Level
   a - Magic Dart                     Conjuration                  1
   b - Blink                          Translocation                2
   c - Call Imp                       Summoning                    2
   d - Repel Missiles                 Charms/Air                   2
   e - Slow                           Hexes                        2
   f - Conjure Flame                  Conjuration/Fire             3
   g - Mephitic Cloud                 Conjuration/Poison/Air       3
 H - a book of Necromancy

   Spells                             Type                      Level
   a - Pain                           Necromancy                   1
   b - Animate Skeleton               Necromancy                   1
   c - Vampiric Draining              Necromancy                   3
   d - Regeneration                   Charms/Necromancy            3
   e - Animate Dead                   Necromancy                   4
   f - Control Undead                 Necromancy                   4
 L - a book of Air

   Spells                             Type                      Level
   a - Shock                          Conjuration/Air              1
   b - Swiftness                      Charms/Air                   2
   c - Repel Missiles                 Charms/Air                   2
   d - Static Discharge               Conjuration/Air              3
   e - Lightning Bolt                 Conjuration/Air              5
 P - a book of Enchantments

   Spells                             Type                      Level
   a - Cause Fear                     Hexes                        4
   b - Yara's Violent Unravelling     Hexes/Transmutation          5
   c - Silence                        Hexes/Air                    5
   d - Deflect Missiles               Charms/Air                   6
   e - Discord                        Hexes                        8
 V - a book of Conjurations

   Spells                             Type                      Level
   a - Magic Dart                     Conjuration                  1
   b - Searing Ray                    Conjuration                  2
   c - Dazzling Spray                 Conjuration/Hexes            3
   d - Fulminant Prism                Conjuration/Hexes            4
   e - Iskenderun's Mystic Blast      Conjuration                  4
   f - Iskenderun's Battlesphere      Conjuration/Charms           5
Comestibles
 d - 8 bread rations
 m - 8 meat rations
 p - 4 slices of pizza
 v - 8 fruits
 w - a beef jerky


   Skills:
 - Level 6.1 Fighting
 - Level 16.1 Axes
 - Level 2.0 Throwing
 - Level 9.0 Armour
 - Level 2.6 Dodging
 + Level 3.1 Shields


You had 11 spell levels left.
You didn't know any spells.

Dungeon Overview and Level Annotations

Branches:
Dungeon (11/15)            Temple (1/1) D:4            Lair (3/6) D:9
 Shoals (0/4) Lair:2
  Snake: Lair:2-4    Spider: Lair:2-4       Orc: D:9-12

Altars:
Ashenzari
Cheibriados
Dithmenos
Elyvilon
Fedhas
Gozag
Hepliaklqana
Kikubaaqudgha
Makhleb
Nemelex Xobeh
Okawaru
Qazlal
Ru
Sif Muna
Trog
Uskayaw
Vehumet
Xom
Yredelemnul
Zin
The Shining One

Shops:
D:6 =%?*[

Annotations:
D:9 exclusion: statue


Innate Abilities, Weirdness & Mutations

You are under a permanent stasis effect.
You can dig through walls and to a lower floor.
Your four strong arms can wield two-handed weapons with a shield.
You have a pair of large antennae on your head. (SInv)
You have a somewhat thin skeletal structure. (Dex +2, Stealth)
You are agile. (Dex +2)
You passively map a small area around you.


Message History

The phantasmal warrior hits you!
* * * LOW HITPOINT WARNING * * *
You slash the phantasmal warrior! You freeze the phantasmal warrior.
The phantasmal warrior is heavily damaged.
The phantasmal warrior hits you.
* * * LOW HITPOINT WARNING * * *
You hit the phantasmal warrior but do no damage.
The phantasmal warrior is heavily damaged.
You block the phantasmal warrior's attack.
You slash the phantasmal warrior! You freeze the phantasmal warrior.
The phantasmal warrior is heavily damaged.
The phantasmal warrior hits you.
* * * LOW HITPOINT WARNING * * *
You closely miss the phantasmal warrior.
The phantasmal warrior is heavily damaged.
You block the phantasmal warrior's attack.
You slash the phantasmal warrior! You freeze the phantasmal warrior.
The phantasmal warrior is almost destroyed.
The phantasmal warrior hits you!!
You die...

##### ####{#W##
##.#.#{#@# ####
##.#.######*** ...#
#.#### *,,* ...# ##{#
*,,* ...#####{#### *,,*
........{{..# *,,*
#...........# ***,,*
#.######{ยง..####.,,,*
#.#,,,,#{...{....,,,***


You could see a phantasmal warrior.

Vanquished Creatures
  A minotaur (Lab)
  A hydra (Lair:2)
  A death knight (D:11)
  Erica (Lair:2)
  A hill giant (D:10)
  A manticore (D:9)
  4 sirens (Lair:2)
  A rime drake (Lair:2)
  2 komodo dragons
  2 trolls
  3 hippogriffs
  A two-headed ogre (D:10)
  A shadow (D:10)
  A spriggan (D:8)
  A wraith (D:10)
  4 yaks (Lair:2)
  A redback (Lab)
  A basilisk (Lair:2)
  2 hungry ghosts (Lab)
  9 water moccasins
  An ice beast (D:5)
  5 orc warriors
  A sky beast (D:8)
  An eye of draining (D:11)
  A hornet zombie (D:10)
  3 ogres
  A phantom (D:5)
  2 necrophages
  6 wolves
  The ghost of Yarinad the Chopper, an amateur HuBe of Trog (D:4)
  5 centaurs
  5 crocodiles
  2 gnoll sergeants (Bailey)
  11 bullfrogs
  2 water moccasin skeletons
  2 scorpions
  13 killer bees
  3 wights
  7 howler monkeys
  2 centaur zombies
  8 crimson imps
  7 hounds
  8 orc priests
  A bullfrog zombie (D:10)
  Crazy Yiuf (D:2)
  2 gnoll shamans (Bailey)
  3 jellies
  8 orc wizards
  A centaur skeleton (D:8)
  Ijyb (D:2)
  2 worker ants
  3 bullfrog skeletons
  12 adders
  15 gnolls
  A howler monkey skeleton (D:9)
  A river rat (Lair:1)
  3 shadow imps
  An ooze (D:6)
  2 adder skeletons
  An adder zombie (D:8)
  A worm (D:2)
  5 dart slugs
  2 leopard geckos
  50 orcs
  3 ball pythons
  5 giant cockroaches
  9 goblins
  5 hobgoblins
  15 jackals
  7 kobolds
  2 quokkas
  5 bats
  9 frilled lizards
  A leopard gecko zombie (D:6)
  2 quokka skeletons
  A quokka zombie (D:6)
  6 rats
  A fungus (Lair:2)
323 creatures vanquished.

Vanquished Creatures (others)
  An ogre (D:6)
  A giant cockroach (D:6)
2 creatures vanquished.

Grand Total: 325 creatures vanquished

Notes
Turn   | Place    | Note
-------+----------+-------------------------------------------
     0 | D:1      | Clownie the Formicid Gladiator began the quest for the Orb.
     0 | D:1      | Reached XP level 1. HP: 16/16 MP: 1/1
   210 | D:1      | Reached XP level 2. HP: 16/22 MP: 2/2
   721 | D:1      | Reached skill level 4 in Axes
   721 | D:1      | Reached XP level 3. HP: 27/27 MP: 3/3
   990 | D:2      | Found a sacrificial altar of Ru.
  1013 | D:2      | Found a runed door.
  1038 | D:2      | Noticed Ijyb
  1049 | D:2      | Killed Ijyb
  1049 | D:2      | Reached XP level 4. HP: 33/33 MP: 4/4
  1096 | D:2      | Found a sparkling altar of Nemelex Xobeh.
  1123 | D:2      | Reached skill level 5 in Axes
  1169 | D:2      | Found an ancient bone altar of Kikubaaqudgha.
  1646 | D:2      | Noticed Crazy Yiuf
  1651 | D:2      | Killed Crazy Yiuf
  1651 | D:2      | Reached skill level 1 in Armour
  1651 | D:2      | Reached XP level 5. HP: 38/38 MP: 5/5
  1980 | D:3      | Found a faded altar of an unknown god.
  1994 | D:3      | Noticed an ogre
  2009 | D:3      | Killed an ogre
  2009 | D:3      | Reached XP level 6. HP: 14/44 MP: 6/6
  2222 | D:3      | Reached skill level 6 in Axes
  2693 | D:3      | You fall through a shaft!
  2719 | D:4      | Reached XP level 7. HP: 46/50 MP: 7/7
  2776 | D:4      | Found a staircase to the Ecumenical Temple.
  2900 | Temple   | Entered the Ecumenical Temple
  3347 | D:4      | Noticed Yarinad's ghost (amateur HuBe)
  3356 | D:4      | Killed Yarinad's ghost
  3356 | D:4      | Reached skill level 7 in Axes
  3909 | D:5      | Entered Level 5 of the Dungeon
  4033 | D:5      | Reached skill level 5 in Armour
  4033 | D:5      | Reached XP level 8. HP: 43/56 MP: 8/8
  4408 | D:5      | Reached skill level 8 in Axes
  4818 | D:6      | Found Suraisar's Assorted Antiques.
  4869 | D:6      | Bought a scroll labeled FUP UCAMAENTOI for 23 gold pieces
  4869 | D:6      | Bought a scroll of identify for 46 gold pieces
  4869 | D:6      | Bought a scroll labeled FUP UCAMAENTOI for 23 gold pieces
  4915 | D:6      | Found Veuhiet's Magic Scroll Shop.
  4928 | D:6      | Bought a scroll of teleportation for 42 gold pieces
  4980 | D:6      | Found a shimmering altar of Xom.
  5142 | D:6      | Found Jafuthou's Jewellery Shop.
  5149 | D:6      | Found Oquo's Food Boutique.
  5177 | D:6      | Reached skill level 9 in Axes
  5340 | D:6      | Reached XP level 9. HP: 26/61 MP: 9/9
  5463 | D:6      | Reached skill level 10 in Axes
  5611 | D:6      | Found Yhiel's Armour Shoppe.
  5697 | D:7      | Identified a scroll of acquirement
  5725 | D:7      | Found a basalt altar of Yredelemnul.
  5875 | D:7      | Reached skill level 11 in Axes
  6105 | D:7      | Found a glowing golden altar of the Shining One.
  6841 | D:8      | Found a shattered altar of Ashenzari.
  7029 | D:8      | Found a flagged portal.
  7037 | Bailey   | Entered a bailey
  7044 | Bailey   | Reached skill level 12 in Axes
  7349 | Bailey   | Reached XP level 10. HP: 21/67 MP: 10/10
  7670 | D:8      | Gained mutation: You have an increased reservoir of magic. (+10% MP) [mutagenic meat]
  7671 | D:8      | Gained mutation: You are agile. (Dex +2) [mutagenic meat]
  7672 | D:8      | Gained mutation: You have a somewhat thin skeletal structure. (Dex +2, Stealth) [mutagenic meat]
  8086 | D:8      | Reached skill level 13 in Axes
  8211 | D:9      | Found a radiant altar of Vehumet.
  8219 | D:9      | Found a stormy altar of Qazlal.
  8249 | D:9      | Found a staircase to the Lair.
  8561 | D:9      | Noticed a manticore
  8595 | D:9      | Killed a manticore
  8605 | D:9      | Reached skill level 14 in Axes
  8675 | D:9      | Found a burning altar of Makhleb.
  8681 | D:9      | Became a worshipper of Makhleb the Destroyer
  8931 | D:10     | Entered Level 10 of the Dungeon
  8932 | D:10     | Noticed a hill giant
  8969 | Lair:1   | Entered Level 1 of the Lair of Beasts
  9083 | Lair:1   | Reached XP level 11. HP: 60/72 MP: 12/12
  9388 | Lair:1   | Reached skill level 15 in Axes
  9793 | Lair:2   | Noticed Erica
  9804 | Lair:2   | Killed Erica
  9876 | Lair:2   | Reached skill level 5 in Fighting
  9921 | Lair:2   | Reached * piety under Makhleb
 10148 | Lair:2   | Noticed an eight-headed hydra
 10164 | Lair:2   | Killed an eight-headed hydra
 10697 | Lair:2   | Noticed a siren
 10697 | Lair:2   | Noticed a siren
 10700 | Lair:2   | Noticed a siren
 10701 | Lair:2   | Found a staircase to the Shoals.
 10703 | Lair:2   | Noticed a siren
 10705 | Lair:2   | Killed a siren
 10714 | Lair:2   | Killed a siren
 10719 | Lair:2   | Killed a siren
 10727 | Lair:2   | Killed a siren
 10727 | Lair:2   | Reached XP level 12. HP: 57/88 MP: 13/13
 10982 | Lair:3   | Noticed a death yak
 10982 | Lair:3   | Noticed a death yak
 10983 | Lair:3   | Noticed a death yak
 11370 | D:10     | Reached ** piety under Makhleb
 11971 | D:11     | Found a labyrinth entrance.
 11976 | Lab      | Entered a labyrinth
 12072 | Lab      | Reached skill level 16 in Axes
 12749 | Lab      | Gained mutation: You passively map a small area around you. [potion of mutation]
 12749 | Lab      | Lost mutation: You have an increased reservoir of magic. (+10% MP) [potion of mutation]
 12750 | Lab      | Noticed a minotaur
 12758 | Lab      | Killed a minotaur
 12910 | D:11     | Noticed a death knight
 12925 | D:11     | Reached skill level 1 in Shields
 12946 | D:11     | Killed a death knight
 12952 | D:11     | Demolished by a phantasmal warrior

Skill      XL: |  1  2  3  4  5  6  7  8  9 10 11 12 |
---------------+-------------------------------------+-----
Axes           | 4 5 6 7 9 12 14 15 16 | 16.1
Armour         | 1 2 3 5 8 9 |  9.0
Fighting       | 6 |  6.1
Shields        | 3 |  3.1
Throwing       | |  2.0
Dodging        | |  2.6

Action                   |  1- 3 |  4- 6 |  7- 9 | 10-12 || total
-------------------------+-------+-------+-------+-------++-------
Melee: War axe           |    69 |   179 |   229 |       ||   477
       Battleaxe         |       |       |   203 |   498 ||   701
       Whip              |       |       |       |    11 ||    11
Throw: Javelin           |       |     2 |    10 |     1 ||    13
       Throwing net      |       |     3 |     3 |     3 ||     9
 Abil: Dig               |       |     1 |       |     8 ||     9
Evoke: Wand              |       |       |     2 |     9 ||    11
  Use: Scroll            |       |     2 |    13 |    10 ||    25
       Potion            |       |     1 |    12 |     4 ||    17
 Stab: Sleeping          |       |     1 |       |       ||     1
       Held in net/web   |       |       |     1 |     2 ||     3
       Invisible         |       |       |       |     3 ||     3
  Eat: Chunk             |       |     6 |    15 |    21 ||    42
       Bread ration      |       |       |       |     2 ||     2
Armor: Leather armour    |    20 |    12 |       |       ||    32
       Chain mail        |       |   101 |   104 |       ||   205
       Plate armour      |       |       |   168 |   137 ||   305
       Skin              |       |       |    56 |       ||    56
       Crystal plate arm |       |       |       |   247 ||   247
Dodge: Dodged            |    79 |   105 |   194 |   183 ||   561
Block: Shield            |       |       |       |     8 ||     8
